 Dungeon Crawl Stone Soup version 0.20-a0-1000-g0e8f6bb (console) character file.

14611 vuev the Eclecticist (level 11, 0/57 HPs)
             Began as a Deep Elf Conjurer on Apr 12, 2017.
             Was an Elder of Vehumet.
             Slain by a swamp worm (11 damage)
             ... on level 1 of the Lair of Beasts.
             The game lasted 00:23:29 (13838 turns).

vuev the Eclecticist (Deep Elf Conjurer)           Turns: 13838, Time: 00:23:29

Health: 0/57       AC:  5    Str:  5    XL:     11   Next: 91%
Magic:  16/33      EV: 16    Int: 24    God:    Vehumet [****..]
Gold:   454        SH:  3    Dex: 15    Spells: 26/43 levels left

rFire    . . .     SeeInvis +   B - staff of conjuration
rCold    . . .     Gourm    .   (no shield)
rNeg     . . .     Faith    .   a - +0 robe
rPois    .         Spirit   .   Q - +1 hat {SInv}
rElec    .         Reflect  +   (no cloak)
rCorr    .         Harm     .   w - +1 pair of gloves
MR       +....                  (no boots)
Stlth    ++........             o - +3 amulet of reflection
Regen    0.2/turn               (no ring)
MPRegen  0.3/turn               (no ring)

@: no status effects
A: no striking features
a: Renounce Religion


You were on level 1 of the Lair of Beasts.
You worshipped Vehumet.
Vehumet was greatly pleased with you.
You were not hungry.

You visited 3 branches of the dungeon, and saw 11 of its levels.

You collected 544 gold pieces.
You spent 90 gold pieces at shops.

Inventory:

Hand Weapons
 p - a +0 dagger of speed
Armour
 a - a +0 robe (worn)
 q - a +1 helmet
 w - a +1 pair of gloves (worn)
 Q - a +1 hat of see invisible (worn)
Magical Staves
 B - an uncursed staff of conjuration (weapon)
Jewellery
 o - a +3 amulet of reflection (around neck)
Wands
 y - a wand of random effects (22/48)
 D - a wand of confusion (19/48)
 F - a wand of paralysis (4/24)
 I - a wand of polymorph (14/24)
Scrolls
 e - a scroll of enchant weapon {unknown}
 i - 4 scrolls of noise
 l - 8 scrolls of identify
 m - 3 scrolls of fear {unknown}
 n - 4 scrolls of magic mapping {unknown}
 t - 2 scrolls of immolation {unknown}
 u - 5 scrolls of remove curse
 v - 2 scrolls of blinking {unknown}
 C - 3 scrolls of recharging
 E - 2 scrolls of teleportation {unknown}
 G - a scroll of fog {unknown}
 L - 2 scrolls of enchant armour {unknown}
 P - a scroll of amnesia {unknown}
 R - a scroll of random uselessness {unknown}
Potions
 d - 2 potions of resistance {unknown}
 f - 2 potions of berserk rage {unknown}
 h - 2 potions of lignification {unknown}
 j - a potion of invisibility {unknown}
 k - 5 potions of curing
 r - 3 potions of magic {unknown}
 s - 2 potions of might
 x - a potion of brilliance {unknown}
 A - a potion of haste {unknown}
 H - 2 potions of degeneration {unknown}
 K - a potion of flight {unknown}
 N - a potion of heal wounds {unknown}
 O - 2 potions of cancellation {unknown}
Books
 b - a book of Conjurations

   Spells                             Type                      Level
   a - Magic Dart                     Conjuration                  1
   b - Searing Ray                    Conjuration                  2
   c - Dazzling Spray                 Conjuration/Hexes            3
   d - Fulminant Prism                Conjuration/Hexes            4
   e - Force Lance                    Conjuration/Translocation    4
   f - Iskenderun's Mystic Blast      Conjuration                  4
 M - a book of Summonings

   Spells                             Type                      Level
   a - Recall                         Summoning/Translocation      3
   b - Aura of Abjuration             Summoning                    5
   c - Summon Demon                   Summoning                    5
   d - Summon Forest                  Summoning/Translocation      5
   e - Summon Mana Viper              Hexes/Summoning              5
   f - Shadow Creatures               Summoning                    6
 S - a book of Minor Magic

   Spells                             Type                      Level
   a - Magic Dart                     Conjuration                  1
   b - Blink                          Translocation                2
   c - Call Imp                       Summoning                    2
   d - Slow                           Hexes                        2
   e - Conjure Flame                  Conjuration/Fire             3
   f - Mephitic Cloud                 Conjuration/Poison/Air       3
Comestibles
 c - 9 bread rations
 g - 6 fruits
 z - 5 royal jellies
 J - 3 meat rations


   Skills:
 + Level 1.8 Fighting
 + Level 6.1 Dodging
 - Level 2.4 Stealth
 + Level 16.8 Spellcasting
 + Level 14.0 Conjurations


You had 26 spell levels left.
You knew the following spells:

 Your Spells              Type           Power        Failure   Level  Hunger
a - Magic Dart            Conj           ####         0%          1    None
e - Iskenderun's Mystic   Conj           #######.     1%          4    None
f - Force Lance           Conj/Tloc      ######..     1%          4    None
p - Fulminant Prism       Conj/Hex       ######....   1%          4    None
r - Searing Ray           Conj           ######       0%          2    None
w - Blink                 Tloc           N/A          4%          2    None


Dungeon Overview and Level Annotations

Branches:
Dungeon (9/15)             Temple (1/1) D:4            Lair (1/6) D:9
    Orc: D:9-12

Altars:
Ashenzari
Cheibriados
Dithmenos
Elyvilon
Fedhas
Gozag
Hepliaklqana
Kikubaaqudgha
Makhleb
Nemelex Xobeh
Okawaru
Qazlal
Ru
Sif Muna
Trog
Uskayaw
Vehumet
Wu Jian
Xom
Yredelemnul
Zin
The Shining One

Shops:
D:6 }   D:7 [


Message History

You feel a surge of power!
The orb of energy hits the swamp worm.
The swamp worm is moderately wounded.
Casting: Iskenderun's Mystic Blast
Confirm with . or Enter, or press ? or * to list all spells.
Aiming: Iskenderun's Mystic Blast
Press: ? - help, Shift-Dir - straight line, f/p - swamp worm
Aim: a swamp worm (moderately wounded)
You feel a surge of power!
The orb of energy hits the swamp worm.
You kill the swamp worm!
Vehumet accepts your kill.
Your Conjurations skill increases to level 14!
Casting: Iskenderun's Mystic Blast
Confirm with . or Enter, or press ? or * to list all spells.
Aiming: Iskenderun's Mystic Blast
Press: ? - help, Shift-Dir - straight line, f - swamp worm
Aim: a swamp worm You feel a surge of power!
The orb of energy hits the swamp worm.
The swamp worm is moderately wounded.
The swamp worm bites you!
You die...

### ###P### ########.....##
##...≈≈≈≈≈≈≈..@##
#..≈≈≈≈≈≈≈≈≈≈≈w.#
#.≈≈≈#######≈≈≈.# ###
#.≈≈##≈≈≈≈≈#≈≈≈.######.# ####
###.≈≈#[≈≈≈w≈≈≈≈≈....<..## #.>.
##..≈≈##≈≈≈§≈#≈≈≈........# #...
....≈≈≈#######≈≈≈.......## #...
..#..≈≈≈≈≈≈≈≈≈≈≈#.......#### #...
###....≈≈≈≈≈≈≈#≈........'..###...


You could see a swamp worm.

Vanquished Creatures
  Gastronok (D:9)
  4 hydras (Lair:1)
  Pikel (D:9)
  Psyche (D:9)
  4 spiny frogs
  A troll (D:9)
  3 blink frogs (Lair:1)
  Grinder (D:6)
  2 hippogriffs
  A spriggan (D:7)
  5 yaks
  Grum (D:7)
  2 hungry ghosts
  2 swamp worms (Lair:1)
  3 water moccasins (Lair:1)
  6 porcupines
  2 phantoms
  2 black bears (D:6)
  3 sky beasts
  3 ice beasts
  5 ogres
  A necrophage (D:9)
  3 orc warriors
  6 wolves
  An eye of draining (D:9)
  2 centaurs
  A big kobold (D:7)
  5 bullfrogs
  3 scorpions
  4 killer bees (D:8)
  8 wights
  2 electric eels (D:9)
  2 howler monkeys
  A crimson imp (D:7)
  A centaur zombie (D:5)
  9 hounds
  2 centaur skeletons (D:6)
  A jelly (D:8)
  4 orc priests
  2 bullfrog skeletons (D:4)
  An iguana (D:6)
  3 orc wizards
  8 worker ants
  2 hound zombies (D:5)
  A worker ant zombie (D:9)
  Robin (D:2)
  3 gnolls (D:4)
  9 adders
  A shadow imp (D:8)
  An adder zombie (D:8)
  2 oozes (D:2)
  An adder skeleton (D:6)
  14 worms
  5 leopard geckos
  23 orcs
  A ball python (D:4)
  7 giant cockroaches
  15 goblins
  12 hobgoblins
  10 jackals
  10 kobolds
  A quokka (D:4)
  6 bats
  A frilled lizard (D:1)
  A quokka skeleton (D:5)
  9 rats
259 creatures vanquished.

Vanquished Creatures (others)
  An adder zombie (D:9)
  A quokka (D:5)
  24 fulminant prisms
  2 fungi (Lair:1)
  6 plants (Lair:1)
34 creatures vanquished.

Grand Total: 293 creatures vanquished

Notes
Turn   | Place    | Note
-------+----------+-------------------------------------------
     0 | D:1      | vuev the Deep Elf Conjurer began the quest for the Orb.
     0 | D:1      | Reached XP level 1. HP: 10/10 MP: 6/6
   188 | D:1      | Reached XP level 2. HP: 15/15 MP: 2/8
   256 | D:1      | Learned a level 2 spell: Searing Ray
   519 | D:1      | Reached skill level 5 in Conjurations
   955 | D:2      | Noticed Robin
   955 | D:2      | Reached XP level 3. HP: 19/19 MP: 5/9
  1131 | D:2      | Killed Robin
  1241 | D:2      | Found a sparkling altar of Nemelex Xobeh.
  1322 | D:2      | Found an opulent altar of Gozag.
  1443 | D:2      | Reached XP level 4. HP: 24/24 MP: 6/11
  1474 | D:2      | Reached skill level 4 in Spellcasting
  1759 | D:2      | Learned a level 4 spell: Iskenderun's Mystic Blast
  2442 | D:3      | Reached XP level 5. HP: 28/28 MP: 8/13
  2510 | D:3      | Found a faded altar of an unknown god.
  2847 | D:3      | Found a glowing golden altar of the Shining One.
  2902 | D:3      | Found a shadowy altar of Dithmenos.
  3156 | D:4      | Reached skill level 5 in Spellcasting
  3301 | D:4      | Reached XP level 6. HP: 25/32 MP: 10/15
  3498 | D:4      | Found a sacrificial altar of Ru.
  3896 | D:4      | Reached skill level 6 in Spellcasting
  3897 | D:4      | Found a staircase to the Ecumenical Temple.
  3942 | D:4      | Reached XP level 7. HP: 36/36 MP: 13/18
  3984 | Temple   | Entered the Ecumenical Temple
  4055 | Temple   | Became a worshipper of Vehumet
  4224 | D:4      | Found a burning altar of Makhleb.
  4233 | D:4      | You fall through a shaft for 3 floors!
  4233 | D:7      | Found Ceasm's Antique Armour Shoppe.
  4243 | D:7      | Reached skill level 7 in Spellcasting
  4369 | D:6      | Learned a level 4 spell: Force Lance
  4374 | D:6      | Learned a level 4 spell: Fulminant Prism
  4443 | D:5      | Entered Level 5 of the Dungeon
  4536 | D:5      | Reached skill level 8 in Spellcasting
  4772 | D:5      | Found a white marble altar of Elyvilon.
  4832 | D:5      | Reached XP level 8. HP: 39/41 MP: 17/22
  5126 | D:5      | Reached skill level 9 in Spellcasting
  5129 | D:5      | Reached * piety under Vehumet
  5129 | D:5      | Offered knowledge of Freeze by Vehumet.
  6175 | D:5      | Reached skill level 10 in Spellcasting
  6328 | D:5      | Found an iron altar of Okawaru.
  6515 | D:6      | Found a blossoming altar of Fedhas.
  6818 | D:6      | Reached skill level 10 in Conjurations
  6818 | D:6      | Reached XP level 9. HP: 46/46 MP: 17/25
  6890 | D:6      | Found Jiuddif's Gadget Boutique.
  6948 | D:6      | Noticed Grinder
  6956 | D:6      | Paralysed by Grinder for 6 turns
  6963 | D:6      | Killed Grinder
  6963 | D:6      | Reached skill level 11 in Spellcasting
  7220 | D:6      | Found Zin's Purification Station.
  7296 | D:6      | Found a glowing silver altar of Zin.
  7300 | D:6      | Bought a potion of curing for 90 gold pieces
  7478 | D:6      | Found a shattered altar of Ashenzari.
  7554 | D:6      | Reached skill level 1 in Fighting
  8154 | D:7      | Offered knowledge of Throw Frost by Vehumet.
  8154 | D:7      | Reached ** piety under Vehumet
  8368 | D:7      | Found a shimmering altar of Xom.
  8435 | D:7      | Reached skill level 12 in Spellcasting
  8842 | D:8      | Noticed Grum
  8922 | D:7      | Killed Grum
  9410 | D:8      | Reached XP level 10. HP: 52/52 MP: 21/28
  9449 | D:8      | Found a shadowy altar of Dithmenos.
  9535 | D:8      | Reached skill level 13 in Spellcasting
  9705 | D:8      | Offered knowledge of Ignite Poison by Vehumet.
  9895 | D:8      | Found an ornate altar of the Wu Jian Council.
 10035 | D:9      | Reached skill level 5 in Dodging
 10186 | D:9      | Reached *** piety under Vehumet
 10515 | D:9      | Noticed Gastronok
 10730 | D:9      | Noticed Psyche
 10733 | D:9      | Killed Psyche
 10777 | D:9      | Killed Gastronok
 10777 | D:9      | Reached skill level 14 in Spellcasting
 11025 | D:9      | Found a staircase to the Lair.
 11242 | D:9      | Noticed Pikel
 11255 | D:9      | Killed Pikel
 11255 | D:9      | Reached skill level 15 in Spellcasting
 11255 | D:9      | Reached XP level 11. HP: 45/57 MP: 17/32
 11617 | D:9      | Learned a level 2 spell: Blink
 11662 | Lair:1   | Entered Level 1 of the Lair of Beasts
 11676 | Lair:1   | Noticed a six-headed hydra
 11687 | Lair:1   | Offered knowledge of Stone Arrow by Vehumet.
 11690 | Lair:1   | Killed a six-headed hydra
 12275 | Lair:1   | Noticed a seven-headed hydra
 12294 | Lair:1   | Killed a seven-headed hydra
 12404 | Lair:1   | Noticed a seven-headed hydra
 12484 | Lair:1   | Killed a seven-headed hydra
 12484 | Lair:1   | Reached skill level 16 in Spellcasting
 12656 | Lair:1   | Reached **** piety under Vehumet
 12907 | Lair:1   | Noticed a four-headed hydra
 12915 | Lair:1   | Killed a four-headed hydra
 13411 | Lair:1   | Offered knowledge of Irradiate by Vehumet.
 13838 | Lair:1   | Slain by a swamp worm

Vault maps used:
D:1:      dpeg_arrival_stonehenge_8_columns, hangedman_decor_peaks_small
D:2:      nemelex_altar_shiori, overflow_temple_1_default, uniq_robin
D:3:      lemuel_doored_altar, nicolae_overflow_hidden_temple,
          chequers_ecumenical_altar_simple_redux, first_bread
D:4:      nicolae_ru_awakened_eye, kennysheep_mini, minmay_temple_entry_mist,
          serial_bayou_pond_a, serial_bayou_pond_a
D:5:      elyvilon_altar_4, kennysheep_little_box
D:6:      black_bear_nest_2, overflow_temple_1_default, zin_purify,
          fedhas_altar_3, serial_shops, shop, uniq_grinder
D:7:      brannock_xom_greatest_gift, serial_shops,
          nicolae_shop_temple_entry_statues_fountains, the_bakery
D:8:      marbit_many_paths, grunt_dithmenos_shadows, uniq_grum
D:9:      erik_lair_island, minmay_misc_feat_square, uniq_gastronok, uniq_pikel,
          uniq_psyche
Temple:   dpeg_three_leaves_temple
Lair:1:   worms_lemuel

Skill      XL: |  1  2  3  4  5  6  7  8  9 10 11 |
---------------+----------------------------------+-----
Conjurations   | 5 6 7 8 10 11 12 14 | 14.0
Spellcasting   | 4 5 6 8 10 12 15 16 | 16.8
Dodging        | 3 4 5 6 |  6.1
Fighting       | 1 |  1.8
Stealth        | |  2.4

Action                   |  1- 3 |  4- 6 |  7- 9 | 10-12 || total
-------------------------+-------+-------+-------+-------++-------
Melee: Staff             |       |       |     2 |     2 ||     4
 Cast: Magic Dart        |    46 |    42 |    32 |    25 ||   145
       Searing Ray       |    10 |    24 |    48 |    46 ||   128
       Iskenderun's Myst |       |       |    34 |    56 ||    90
       Force Lance       |       |       |     4 |    30 ||    34
       Fulminant Prism   |       |       |     3 |    22 ||    25
       Blink             |       |       |       |     3 ||     3
Evoke: Wand              |       |       |       |     5 ||     5
  Use: Scroll            |       |       |       |     3 ||     3
  Eat: Chunk             |     2 |     7 |    11 |    11 ||    31
       Bread ration      |       |       |     1 |       ||     1
       Fruit             |       |       |     1 |     3 ||     4
Armor: Robe              |       |     6 |    12 |    12 ||    30
Dodge: Dodged            |     6 |     6 |    39 |    59 ||   110
Block: Other             |       |     3 |     6 |     8 ||    17
       Reflection        |       |       |     1 |       ||     1
